 Dungeon Crawl Stone Soup version 0.30-a0-5-g3a90980b9d (webtiles) character file.

Game seed: 3661032831275000221

11 Nedwor the Cutter (level 2, 21/22 HPs)
             Began as a Demonspawn Gladiator on Aug 22, 2022.
             Quit the game on level 1 of the Dungeon.
             The game lasted 00:00:35 (500 turns).

Nedwor the Cutter (Demonspawn Gladiator)             Turns: 500, Time: 00:00:36

Health: 21/22      AC:  4    Str: 14    XL:     2   Next: 13%
Magic:  2/2        EV: 12    Int:  9    God:
Gold:   9          SH:  0    Dex: 14    Spells: 1/1 levels left

rFire   . . .      SeeInvis .    a - +0 rapier
rCold   . . .      Faith    .    (no shield)
rNeg    . . .      Spirit   .    b - +0 leather armour
rPois   .          Reflect  .    c - +0 helmet
rElec   .          Harm     .    (no cloak)
rCorr   .          Rampage  .    (no gloves)
Will    .....                    (no boots)
Stlth   +.........               (no amulet)
HPRegen 0.07/turn                (no ring)
MPRegen 0.08/turn                (no ring)

@: no status effects
A: claws 1
a: no special abilities


You were on level 1 of the Dungeon.
You visited 1 branch of the dungeon, and saw 1 of its levels.

You collected 9 gold pieces.

Inventory:

Hand Weapons
 a - a +0 rapier (weapon)
Missiles
 d - 3 throwing nets (quivered)
 e - 3 javelins
Armour
 b - a +0 leather armour (worn)
 c - a +0 helmet (worn)
Scrolls
 i - a scroll of torment {unknown}
Potions
 f - a potion of brilliance {unknown}
 g - a potion of curing {unknown}
 h - a potion of lignification {unknown}


   Skills:
 + Level 2.2 Fighting
 * Level 2.9 Short Blades
 - Level 1.7 Throwing
 + Level 0.4 Armour
 + Level 2.8 Dodging


You had one spell level left.
You didn't know any spells.
Your spell library contained the following spells:

 Spells                   Type           Power      Damage    Failure   Level
 Magic Dart               Conj           0%         1d3       45%         1
 Searing Ray              Conj           0%         2d4       61%         2
 Fulminant Prism          Conj/Hex       0%         3d6       99%         4


Dungeon Overview and Level Annotations

Branches:
Dungeon (1/15)

Altars:


Innate Abilities, Weirdness & Mutations

You have sharp fingernails.


Message History

No target in view!
No target in view!
No target in view!
A bat comes into view.
A bat is nearby!
A bat is nearby!
The bat hits you but does no damage.
You puncture the bat!
You kill the bat!
No target in view!
No target in view!
No target in view!
No target in view!
No target in view!
No target in view!
No target in view!
No target in view!
No target in view!
No target in view!
You see here a bat corpse.
Found a stone staircase leading down.
i - a scroll labelled HEUHID APHEONY A kobold comes into view.
It is wielding a +0 short sword.
The kobold shouts!
You hear a shout!
A kobold is nearby!
A kobold is nearby!
The kobold hits you with a +0 short sword.
You barely miss the kobold. The kobold barely misses you.
You hit the kobold.
You kill the kobold!
No target in view!
No target in view!
No target in view!
No target in view!
No target in view!
No target in view!
No target in view!
No target in view!
No target in view!
Are you sure you want to abandon this character and quit the game? (Confirm with "yes".)

#.# #.# #.# #.# #.#
#.# #.#
..#.#############.#
......)@..........#
###################


There were no monsters in sight!

Vanquished Creatures
  An endoplasm (D:1)
  2 hobgoblins (D:1)
  5 kobolds (D:1)
  2 bats (D:1)
10 creatures vanquished.

Notes
Turn   | Place    | Note
-------+----------+-------------------------------------------
     0 | D:1      | Nedwor the Demonspawn Gladiator began the quest for the
                  | Orb.
     0 | D:1      | Reached XP level 1. HP: 16/16 MP: 1/1
   232 | D:1      | Gained mutation: You have sharp fingernails. [demonic
                  | ancestry]
   232 | D:1      | Reached XP level 2. HP: 17/22 MP: 2/2
   500 | D:1      | Quit the game

Illustrated notes

Levels and vault maps discovered:
D:1:      minmay_arrival_semitransparent, layout_basic,
          hellmonk_ecumenical_altar_leap_of_faith, nrook_mini_vaults

Action                   || total
-------------------------++-------
Melee: Rapier            ||    34
       Punch             ||     1
Armor: Leather armour    ||    10
Dodge: Dodged            ||    22

Table legend: (Time is in decaauts)
 A = Elapsed time spent in this place.
 B = Non-inter-level travel time spent in this place.
 C = Inter-level travel time spent in this place.
 D = Time resting spent in this place.
 E = Time spent auto-exploring this place.
 F = Levels seen in this place.
 G = Mean time per level.
                   A        B        C        D        E       F      G
               +--------+--------+--------+--------+--------+-----+--------+
         Total |    502 |    502 |      0 |      0 |    423 |   1 |  502.0 |
       Dungeon |    502 |    502 |      0 |      0 |    423 |   1 |  502.0 |
               +--------+--------+--------+--------+--------+-----+--------+

Top non-repeatable levels by time:
     D:1: 502 daAuts
